 Dungeon Crawl Stone Soup version 0.30.1-4-g462c640d31 (webtiles) character file.

Game seed: 2100498353000273157

8801 growler the Zephyrmancer (level 11, 0/63 HPs)
             Began as a Tengu Air Elementalist on Sept 16, 2023.
             Was a Believer of Hepliaklqana.
             Killed from afar by a swamp worm (19 damage)
             ... with a harpoon shot
             ... in a Gauntlet.
             The game lasted 00:42:03 (13254 turns).

growler the Zephyrmancer (Tengu Air Elementalist)  Turns: 13254, Time: 00:42:07

Health: 0/63       AC:  7    Str:  7    XL:     11   Next: 36%
Magic:  12/30      EV: 15    Int: 20    God:    Hepliaklqana [**....]
Gold:   1037       SH:  5    Dex: 17    Spells: 12/22 levels left

rFire   + + .        w - +0 dagger "Asyod" {venom, rF+ Will+}
rCold   + + .        (no shield)
rNeg    . . .        a - +0 robe
rPois   .            h - +2 hat
rElec   +            y - scarf {rC+ rF+}
rCorr   .            t - +2 pair of gloves {Str+3}
SInv    +            (boots unavailable)
Will    +....        n - amulet of Jyfiept {Reflect rElec rC+ SH+5}
Stlth   ++           s - ring "Qilinu" {+Blink Fly MP+9 Str-4 Dex+2}
HPRegen 0.30/turn    H - ring of see invisible
MPRegen 0.22/turn

%: no teleportation, reflection
@: flying quickly and evasively, quick
A: reduced essence, beak, talons 3, nimble flight
a: Renounce Religion, Evoke Blink, Recall Ancestor, Ancestor Identity


You were in a Gauntlet.
You worshipped Hepliaklqana.
Hepliaklqana was pleased with you.
You visited 2 branches of the dungeon, and saw 12 of its levels.
You also visited: Sewer and Gauntlet.

You collected 1037 gold pieces.

Inventory:

Hand Weapons
 w - the +0 dagger "Asyod" (weapon) {venom, rF+ Will+}
   (You found it on level 5 of the Dungeon)

   rF:        It protects you from fire.
   Will:      It increases your willpower.
 G - a +3 dagger of venom
Missiles
 v - 3 throwing nets
Armour
 a - a +0 robe (worn)
 d - a +0 hat
 h - a +2 hat (worn)
 t - a +2 pair of gloves of strength (worn)
 y - a scarf of resistance (worn)
 O - a +0 kite shield
Jewellery
 n - the amulet of Jyfiept (around neck) {Reflect rElec rC+ SH+5}
   (You found it on level 4 of the Dungeon)

   [amulet of reflection]

   It reflects blocked missile attacks.
   rC:        It protects you from cold.
   rElec:     It insulates you from electricity.
   SH:        It affects your SH (+5).
 o - a ring of protection from cold
 s - the ring "Qilinu" (left hand) {+Blink Fly MP+9 Str-4 Dex+2}
   (You found it on level 4 of the Dungeon)

   [ring of magical power]

   Str:       It affects your strength (-4).
   Dex:       It affects your dexterity (+2).
   MP:        It affects your magic capacity (+9).
   Fly:       It grants you flight.
   +Blink:    It lets you blink.
 H - a ring of see invisible (right hand)
 R - a ring of positive energy
Wands
 C - a wand of paralysis (18)
 K - a wand of quicksilver (13)
 P - a wand of polymorph (7)
 Q - a wand of roots (7)
 S - a wand of flame (15)
Scrolls
 c - a scroll of fear {unknown}
 i - a scroll of enchant armour
 j - a scroll of vulnerability {unknown}
 k - a scroll of magic mapping
 m - a scroll of poison {unknown}
 p - a scroll of blinking
 q - 2 scrolls of immolation
 r - 4 scrolls of teleportation
 B - a scroll of butterflies {unknown}
 D - a scroll of enchant weapon
 E - a scroll of fog {unknown}
 J - 4 scrolls of amnesia
 N - 5 scrolls of identify
Potions
 b - a potion of magic
 e - a potion of invisibility
 f - 4 potions of curing
 g - 4 potions of brilliance
 l - 2 potions of lignification
 u - 2 potions of attraction
 x - a potion of degeneration
 z - a potion of berserk rage
 A - 2 potions of cancellation
 F - a potion of haste
 I - 3 potions of mutation
 L - a potion of heal wounds


   Skills:
 + Level 9.0 Fighting
 + Level 8.4 Short Blades
 - Level 2.1 Dodging
 - Level 2.0 Stealth
 - Level 6.0 Spellcasting
 - Level 6.2 Conjurations
 + Level 13.5 Air Magic


You had 12 spell levels left.
You knew the following spells:

 Your Spells              Type           Power      Damage    Failure   Level
a - Shock                 Conj/Air       100%       1d9       1%          1
b - Static Discharge      Conj/Air       90%        2-6/arc   1%          2
c - Swiftness             Air            57%        N/A       1%          3
d - Airstrike             Air            28%        2d(5-21)  1%          4

Your spell library contained the following spells:

 Spells                   Type           Power      Damage    Failure   Level
 Dazzling Flash           Conj/Hex       36%        N/A       9%          3
 Stone Arrow              Conj/Erth      36%        3d9       9%          3
 Sandblast                Erth           12%        2d6       11%         1
 Passwall                 Tmut/Erth      5%         N/A       16%         2
 Fulminant Prism          Conj/Hex       9%         3d7       28%         4
 Iskenderun's Mystic Bla  Conj/Tloc      18%        2d6       28%         4
 Call Canine Familiar     Summ           6%         N/A       30%         3
 Portal Projectile        Hex/Tloc       12%        N/A       30%         3
 Volatile Blastmotes      Fire/Tloc      12%        2d11      30%         3
 Irradiate                Conj/Tmut      9%         3d14      63%         5
 Leda's Liquefaction      Hex/Erth       3%         N/A       71%         4
 Summon Ice Beast         Ice/Summ       6%         N/A       71%         4
 Blade Hands              Tmut           3%         N/A       96%         5
 Lee's Rapid Deconstruct  Erth           3%         3d5*      96%         5
 Summon Mana Viper        Hex/Summ       6%         N/A       96%         5
 Starburst                Conj/Fire      9%         6d5       99%         6
 Dragon Form              Tmut           3%         N/A       100%        7
 Malign Gateway           Summ/Tloc      3%         N/A       100%        7
 Monstrous Menagerie      Summ           3%         N/A       100%        7
 Summon Horrible Things   Summ           3%         N/A       100%        8


Dungeon Overview and Level Annotations

Branches:
Dungeon (11/15)            Temple (1/1) D:5            Lair (0/5) D:10
  Sewer (visited)         Gauntlet (1/1)
    Orc: D:9-12

Altars:
Ashenzari
Cheibriados
Dithmenos
Elyvilon
Fedhas
Gozag
Hepliaklqana
Kikubaaqudgha
Makhleb
Okawaru
Qazlal
Ru
Sif Muna
Trog
Uskayaw
Vehumet
Xom
Yredelemnul
Zin
The Shining One

Shops:
D:5 *

Annotations:
Gauntlet 7 transporters, exclusion: ice statue


Innate Abilities, Weirdness & Mutations

Your life essence is reduced to manifest your ancestor. (-10% HP)
You have a beak for a mouth.
You have claws for feet.
Your magical nature lets you fly swiftly and evasively.


Message History

Casting: Static Discharge (safe; 1% risk of failure)
Confirm with . or Enter, or press ? or * to list all spells.
The swamp worm is struck by an arc of lightning!
You kill the swamp worm!
You resist.
You are struck by an arc of lightning.
* * * LOW HITPOINT WARNING * * *
The lightning grounds out.
You see here the ring "Zucideos" {Will+ Str+5 Int+2 Dex-4}.
You see here the +0 cloak of Reason {rPois Str+2}.
There is a transporter here.
The tyrant leech enters a dispersal trap!
You blink.
The tyrant leech blinks!
The swamp worm fires a harpoon shot at you.
The harpoon shot misses you.
You see here a potion of heal wounds.
Casting: Static Discharge (safe; 1% risk of failure)
Confirm with . or Enter, or press ? or * to list all spells.
Aiming: Airstrike (safe; 1% risk of failure)
Press: ? - help, Dir - move target, f - swamp worm
Aim: a swamp worm (lightly wounded, slow, empty space bonus: 2/8)
The air twists around and strikes the swamp worm.
The swamp worm is moderately wounded.
Casting: Airstrike (safe; 1% risk of failure)
Confirm with . or Enter, or press ? or * to list all spells.
Aiming: Airstrike (safe; 1% risk of failure)
Press: ? - help, Dir - move target, f/p - swamp worm
Aim: a swamp worm (moderately wounded, slow, empty space bonus: 2/8)
The air twists around and strikes the swamp worm!
The swamp worm is severely wounded.
Unknown command.
Casting: Airstrike (safe; 1% risk of failure)
Confirm with . or Enter, or press ? or * to list all spells.
Aiming: Airstrike (safe; 1% risk of failure)
Press: ? - help, Dir - move target, f/p - swamp worm
Aim: a swamp worm (severely wounded, slow, empty space bonus: 3/8)
The air twists around and strikes the swamp worm!
The swamp worm is almost dead.
The swamp worm fires a harpoon shot at you.
The harpoon shot hits you!!
You die...

#####################
#§#≈#≈#≈#≈#≈#§#≈#≈#≈#
.............§......##
....................≈#
#######..#########..##
.#.#.##..#.......#..§#
#.#.#.#..#.##^..@#..##
.#.#[#####.##.^..#..§# ##
#.#[#©#©©#..w###w#..## ...
.#©#.#####...###[#..≈# ..#
#.#.#.#..#.#.###=#..###..##
.#.#.##..#...w...#..#......
#######..#########..#©...##
..................∩.#....##
....................#......


You could see a tyrant leech and a swamp worm (slow).

Vanquished Creatures
  2 two-headed ogres
  An oklob plant (Gauntlet)
  A troll (D:10)
  2 hornets (Gauntlet)
  A shadow (D:9)
  A wyvern (D:7)
  9 yaks
  A steam dragon (D:9)
  A swamp worm (Gauntlet)
  2 acid dragons (Gauntlet)
  3 orc warriors
  A black bear (D:5)
  5 ogres
  A centaur (D:5)
  2 phantoms (D:6)
  2 bullfrogs
  A gnoll sergeant (D:9)
  4 scorpions
  A wight (D:8)
  4 killer bees (D:10)
  6 hounds
  3 jellies
  6 orc priests
  3 sleepcaps
  14 orc wizards
  5 iguanas
  12 adders
  10 gnolls
  4 river rats
  A shadow imp (D:7)
  3 white imps
  2 ufetubi
  2 worms
  A dart slug (D:1)
  24 orcs
  8 ball pythons
  7 bats
  9 endoplasms
  5 giant cockroaches
  7 goblins
  5 hobgoblins
  4 jackals (D:5)
  5 quokkas
  8 frilled lizards
  8 kobolds
  15 rats
222 creatures vanquished.

Vanquished Creatures (collateral kills)
  Lodul (D:10)
  3 yaks
  5 ogres (D:10)
  A killer bee (D:10)
  An orc wizard (D:8)
  An orc (D:8)
12 creatures vanquished.

Vanquished Creatures (others)
  A hexer (Gauntlet)
  2 ancestors (D:8)
3 creatures vanquished.

Grand Total: 237 creatures vanquished

Notes
Turn   | Place    | Note
-------+----------+-------------------------------------------
     0 | D:1      | growler the Tengu Air Elementalist began the quest for the
                  | Orb.
     0 | D:1      | Reached XP level 1. HP: 10/10 MP: 4/4
   140 | D:1      | Reached XP level 2. HP: 15/15 MP: 1/6
   143 | D:1      | Learned a level 2 spell: Static Discharge
   748 | D:1      | Reached XP level 3. HP: 19/19 MP: 4/7
   752 | D:1      | Learned a level 3 spell: Swiftness
  1256 | D:2      | Reached XP level 4. HP: 24/24 MP: 5/9
  1583 | D:2      | Reached skill level 5 in Air Magic
  2829 | D:4      | Gained mutation: Your magical nature lets you fly swiftly
                  | and evasively. [Tengu growth]
  2829 | D:4      | Reached XP level 5. HP: 19/28 MP: 1/10
  2834 | D:4      | Learned a level 4 spell: Airstrike
  2835 | D:4      | Identified the amulet of Jyfiept {Reflect rElec rC+ SH+5}
  3131 | D:4      | Identified the ring "Qilinu" {+Blink Fly MP+9 Str-4 Dex+2}
  3628 | D:4      | Reached XP level 6. HP: 32/32 MP: 8/12
  3633 | D:4      | Reached skill level 6 in Air Magic
  3863 | D:5      | Entered Level 5 of the Dungeon
  3873 | D:5      | Found Ygrawnyu's Gadget Gallery.
  3929 | D:5      | Identified the +0 dagger "Asyod" {venom, rF+ Will+}
  4118 | D:5      | Found a glowing drain.
  4163 | Sewer    | Entered a sewer
  4300 | Sewer    | Reached skill level 5 in Conjurations
  4929 | D:5      | Reached XP level 7. HP: 36/36 MP: 10/14
  5031 | D:5      | Reached skill level 7 in Air Magic
  5270 | D:5      | Found a staircase to the Ecumenical Temple.
  5277 | Temple   | Entered the Ecumenical Temple
  5350 | Temple   | Became a worshipper of Hepliaklqana the Forgotten
  5410 | D:5      | Reached skill level 1 in Fighting
  5656 | D:6      | Reached XP level 8. HP: 43/43 MP: 16/16
  5731 | D:6      | Reached skill level 5 in Spellcasting
  5850 | D:6      | Reached skill level 8 in Air Magic
  7205 | D:6      | Reached skill level 9 in Air Magic
  7484 | D:7      | Noticed a wyvern
  7488 | D:7      | Killed a wyvern
  7489 | D:7      | Reached XP level 9. HP: 52/52 MP: 14/19
  7793 | D:7      | Reached skill level 1 in Short Blades
  8610 | D:8      | Reached * piety under Hepliaklqana
  8629 | D:7      | Reached skill level 5 in Fighting
  8631 | D:7      | Reached skill level 10 in Air Magic
  8752 | D:8      | HP: 1/48 [yak (14)]
  9095 | D:8      | Found a sacrificial altar of Ru.
  9947 | D:8      | Reached skill level 11 in Air Magic
  9948 | D:8      | Reached XP level 10. HP: 31/54 MP: 20/20
  9951 | D:8      | Reached skill level 5 in Short Blades
 10351 | D:9      | Noticed a two-headed ogre
 10358 | D:9      | Killed a two-headed ogre
 11024 | D:9      | Reached skill level 12 in Air Magic
 11498 | D:10     | Entered Level 10 of the Dungeon
 11507 | D:10     | Reached ** piety under Hepliaklqana
 11508 | D:10     | Remembered your ancestor Reggie B. as a hexer
 11800 | D:10     | Noticed a two-headed ogre
 11811 | D:10     | Killed a two-headed ogre
 11950 | D:10     | Reached XP level 11. HP: 62/62 MP: 13/21
 11955 | D:10     | Reached skill level 13 in Air Magic
 12080 | D:10     | Noticed Lodul
 12085 | D:10     | Killed Lodul
 12371 | D:10     | Found a staircase to the Lair.
 12656 | D:11     | Found a gate leading to a gauntlet.
 12666 | Gauntlet | Entered a Gauntlet
 12666 | Gauntlet | Noticed a moth of wrath
 12666 | Gauntlet | Found a transporter.
 12666 | Gauntlet | Found a transporter.
 12666 | Gauntlet | Found a transporter.
 12681 | Gauntlet | Found a transporter.
 12686 | Gauntlet | Found a transporter.
 12686 | Gauntlet | Noticed an oklob plant
 12689 | Gauntlet | Found a transporter.
 12694 | Gauntlet | Found a transporter.
 12700 | Gauntlet | Found a transporter.
 12716 | Gauntlet | Noticed a moth of wrath
 12720 | Gauntlet | Found a transporter.
 12740 | Gauntlet | Found a transporter.
 12741 | Gauntlet | Found a transporter.
 12752 | Gauntlet | Found a transporter.
 13164 | Gauntlet | Killed an oklob plant
 13244 | Gauntlet | Identified the ring "Zucideos" {Will+ Str+5 Int+2 Dex-4}
 13245 | Gauntlet | Identified the +0 cloak of Reason {rPois Str+2}
 13254 | Gauntlet | Killed from afar by a swamp worm

Illustrated notes

Levels and vault maps discovered:
D:1:      shiori_arrival_elements, layout_rooms, chequers_serial_rivers_marsh
D:2:      layout_basic
D:3:      layout_loops_ring, minmay_randomly_rotated_circles
D:4:      layout_basic, columned_hall_lemuel
D:5:      layout_basic, minmay_temple_entry_mini_moons, gup_sewer_entry_spiral,
          nicolae_shop_gadgets
D:6:      layout_basic, grunt_ministairs_3
D:7:      minmay_spotlight, layout_basic
D:8:      layout_basic, marbit_many_paths
D:9:      layout_stronghold, enter_bailey_5, minmay_misc_feat_room
D:10:     layout_small_grid, lair_entry_dummy, uniq_lodul
D:11:     gammafunk_sealed_arena, layout_layer_cave, gauntlet_entry_generic,
          tgw_xom
Temple:   compressed_dpeg_circular_temple
Gauntlet: minmay_gauntlet_mixed_big_or_small [gammafunk_gauntlet_arena_corners,
          minmay_gauntlet_arena_77_two_lines, nicolae_gauntlet_swirl,
          minmay_gauntlet_arena_77_checkered, gammafunk_gauntlet_arena_split_x,
          minmay_gauntlet_arena_77_block_sizes, gauntlet_exit_green]

Skill      XL: |  1  2  3  4  5  6  7  8  9 10 11 |
---------------+----------------------------------+-----
Conjurations   | 2 3 4 5 6 |  6.2
Air Magic      | 5 6 7 9 11 12 13 | 13.5
Spellcasting   | 3 4 6 |  6.0
Fighting       | 1 4 6 8 9 |  9.0
Short Blades   | 4 7 8 |  8.4
Dodging        | |  2.1
Stealth        | |  2.0

Action                     |  1- 3 |  4- 6 |  7- 9 | 10-12 || total
---------------------------+-------+-------+-------+-------++-------
  Melee: Unarmed           |    13 |       |       |       ||    13
         Kick              |     3 |     5 |    14 |    14 ||    36
         Peck              |     1 |     3 |    13 |     7 ||    24
         Dagger            |       |    11 |    51 |    23 ||    85
   Cast: Shock             |    52 |   137 |    43 |     3 ||   235
         Static Discharge  |     3 |    11 |    24 |    19 ||    57
         Airstrike         |       |       |    80 |    87 ||   167
 Invoke: Ancestor Identity |       |       |     1 |       ||     1
         Recall Ancestor   |       |       |       |     2 ||     2
         Ancestor Life: He |       |       |       |     1 ||     1
    Use: Scroll            |       |     6 |    11 |     4 ||    21
         Potion            |       |       |     1 |       ||     1
   Stab: Sleeping          |       |     3 |     2 |       ||     5
 Armour: Robe              |     5 |     6 |     5 |     2 ||    18
  Dodge: Dodged            |    14 |    12 |    46 |    27 ||    99
  Block: Other             |       |     3 |    20 |     3 ||    26
